 Dungeon Crawl Stone Soup version 0.30-b1-2-g02819fbbbe (webtiles) character file.

Game seed: 1424480081673717572

924 Ashen the Ogre Mage (level 8, -7/78 HPs)
             Began as an Ogre Air Elementalist on Jan 17, 2024.
             Mangled by a sleepcap (16 damage)
             ... on level 5 of the Dungeon.
             The game lasted 00:12:33 (5866 turns).

Ashen the Ogre Mage (Ogre Air Elementalist)         Turns: 5866, Time: 00:12:34

Health: -7/78      AC:  3    Str: 13    XL:     8   Next: 10%
Magic:  1/14       EV:  1    Int: 18    God:
Gold:   192        SH:  0    Dex:  9    Spells: 4/16 levels left

rFire   . . .        o - staff of air
rCold   . . .        (no shield)
rNeg    . . .        a - +0 robe
rPois   .            (helmet restricted)
rElec   +            (no cloak)
rCorr   .            (gloves unavailable)
SInv    .            (boots unavailable)
Will    +....        (no amulet)
Stlth   ++           d - +4 ring of slaying
HPRegen 0.33/turn    c - ring of willpower
MPRegen 0.14/turn

%: no passive effects
@: sleeping, very slightly contaminated
A: large, unfitting armour, tough skin 1
a: no special abilities


You were on level 5 of the Dungeon.
You visited 1 branch of the dungeon, and saw 5 of its levels.

You collected 192 gold pieces.

Inventory:

Hand Weapons
 p - a +0 giant spiked club
 t - a +0 flail
Armour
 a - a +0 robe (worn)
Magical Staves
 o - a staff of air (weapon)
Jewellery
 c - a ring of willpower (right hand)
 d - a +4 ring of slaying (left hand)
 e - a +5 ring of evasion
Wands
 k - a wand of roots (12)
 s - a wand of mindburst (13)
Scrolls
 f - a scroll of fog {unknown}
 g - 2 scrolls of teleportation
 h - a scroll of poison {unknown}
 j - a scroll of silence {unknown}
 u - 2 scrolls of amnesia {unknown}
Potions
 b - 2 potions of magic
 i - a potion of mutation
 l - a potion of berserk rage {unknown}
 m - 2 potions of curing {unknown}
 n - 5 potions of brilliance {unknown}
 q - a potion of flight
 r - a potion of haste {unknown}


   Skills:
 + Level 4.2 Fighting
 + Level 2.3 Maces & Flails
 + Level 3.5 Dodging
 - Level 3.0 Stealth
 + Level 4.5 Spellcasting
 + Level 3.2 Conjurations
 + Level 4.1 Air Magic


You had 4 spell levels left.
You knew the following spells:

 Your Spells              Type           Power      Damage    Failure   Level
a - Shock                 Conj/Air       100%       1d9       3%          1
b - Static Discharge      Conj/Air       50%        2-5/arc   4%          2
c - Swiftness             Air            28%        N/A       8%          3
d - Airstrike             Air            14%        2d(2-18)  26%         4
e - Blink                 Tloc           8%         N/A       22%         2

Your spell library contained the following spells:

 Spells                   Type           Power      Damage    Failure   Level
 Kiss of Death            Conj/Necr      36%        2d8       7%          1
 Momentum Strike          Conj/Tloc      18%        3d8       11%         2
 Lesser Beckoning         Tloc           8%         N/A       22%         2
 Confusing Touch          Hex            4%         N/A       38%         3
 Dispel Undead            Necr           4%         3d7       80%         4


Dungeon Overview and Level Annotations

Branches:
Dungeon (5/15)
 Temple: D:4-7

Altars:
Trog
Xom

Shops:
D:2 (

Annotations:
D:2 Sigmund
D:4 exclusion: black bear


Innate Abilities, Weirdness & Mutations

You are too large for most types of armour.
You have tough skin. (AC +1)


Message History

You kill the centaur!
You resist.
You are struck by an arc of lightning.
The sleepcap completely misses you.
You have reached level 8!
Press: ? - help, v - describe, . - travel, g - get item
Here: a sleepcap Item here: a +0 shortbow.
The floor.
Aiming: Fastroot
Press: ? - help, Shift-Dir - straight line, f - sleepcap
Aim: a sleepcap (almost destroyed)
The roots erupt in riotous growth!
Roots grab the sleepcap. x2
The grasping roots constrict the sleepcap!
The grasping roots constrict the sleepcap.
You destroy the sleepcap!
The sleepcap releases spores at you.
* * * LOW HITPOINT WARNING * * *
The grasping roots constrict the sleepcap.
The roots release their grip on the sleepcap.
The sleepcap attacks as you move away! The sleepcap barely misses you.
The sleepcap releases spores at you.
* * * LOW HITPOINT WARNING * * *
Casting: Static Discharge (safe; 4% risk of failure)
Confirm with . or Enter, or press ? or * to list all spells.
Okay, then.
Casting: Static Discharge (safe; 4% risk of failure)
Confirm with . or Enter, or press ? or * to list all spells.
You miscast Blink.
You are very lightly contaminated with residual magic.
Nothing appears to happen.
The sleepcap misses you. The sleepcap attacks as you move away!
The sleepcap completely misses you.
There is a stone staircase leading up here.
The sleepcap releases spores at you.
* * * LOW HITPOINT WARNING * * *
You are engulfed in a cloud of soporific spores!
You fall asleep.
You stop ascending the stairs.
The sleepcap releases spores at you!
You die...

#. ### #.# #@# ### ##.## #f#
...# ...# #.# #######....#
#..# #.# #..........# #..#
#.# #..........#
#..###.###.......#...
#......#.........+
###########.#####..#.......#
#...........# ##.##.......#


You could see a sleepcap.

Vanquished Creatures
  A water moccasin (D:5)
  An ogre (D:4)
  A centaur (D:5)
  A phantom (D:4)
  3 scorpions (D:4)
  A hound (D:4)
  A jelly (D:3)
  2 sleepcaps (D:5)
  Jessica (D:2)
  An iguana (D:4)
  Robin (D:4)
  3 gnolls (D:3)
  11 adders
  An ufetubus (D:4)
  2 worms
  3 dart slugs
  2 orcs
  3 bats
  3 endoplasms
  4 giant cockroaches
  17 goblins
  5 hobgoblins
  3 jackals (D:1)
  9 quokkas
  2 ball pythons
  2 frilled lizards
  4 kobolds
  5 rats
93 creatures vanquished.

Notes
Turn   | Place    | Note
-------+----------+-------------------------------------------
     0 | D:1      | Ashen the Ogre Air Elementalist began the quest for the
                  | Orb.
     0 | D:1      | Reached XP level 1. HP: 16/16 MP: 3/3
   165 | D:1      | Reached skill level 1 in Conjurations
   245 | D:1      | Reached XP level 2. HP: 26/26 MP: 0/5
   913 | D:1      | Reached skill level 1 in Fighting
  1408 | D:2      | Reached XP level 3. HP: 33/33 MP: 2/7
  1411 | D:2      | Learned a level 2 spell: Static Discharge
  1415 | D:2      | Learned a level 3 spell: Swiftness
  1555 | D:2      | Noticed Sigmund
  1963 | D:2      | Noticed Jessica
  1970 | D:2      | Killed Jessica
  1971 | D:2      | Reached XP level 4. HP: 30/41 MP: 2/8
  2360 | D:2      | Found Xerchomm's Weapon Boutique.
  2977 | D:3      | Reached XP level 5. HP: 49/49 MP: 4/9
  3052 | D:3      | Found a shimmering altar of Xom.
  3054 | D:3      | Found a shimmering altar of Xom.
  3056 | D:3      | Found a shimmering altar of Xom.
  3057 | D:3      | Found a shimmering altar of Xom.
  3058 | D:3      | Found a shimmering altar of Xom.
  3211 | D:3      | Found a bloodstained altar of Trog.
  4035 | D:4      | Reached skill level 1 in Maces & Flails
  4035 | D:4      | Reached XP level 6. HP: 51/59 MP: 3/11
  4358 | D:4      | Noticed a black bear
  4720 | D:4      | Reached XP level 7. HP: 67/67 MP: 8/12
  4896 | D:4      | Learned a level 4 spell: Airstrike
  4899 | D:4      | Learned a level 2 spell: Blink
  5139 | D:4      | Noticed Robin
  5143 | D:4      | Killed Robin
  5465 | D:5      | Entered Level 5 of the Dungeon
  5847 | D:5      | Reached XP level 8. HP: 17/78 MP: 0/14
  5866 | D:5      | Mangled by a sleepcap

Illustrated notes

Levels and vault maps discovered:
D:1:      minmay_arrival_floating_metal, layout_basic
D:2:      layout_loops_ring, serial_shops, shop, kennysheep_jessica_study,
          uniq_sigmund
D:3:      layout_loops_ring, xom_redecorated, trog_butcher_becter, uniq_jessica
D:4:      layout_gridville, uniq_robin
D:5:      layout_basic, hellmonk_no_cap, uniq_crazy_yiuf_cottage

Skill      XL: |  1  2  3  4  5  6  7 |
---------------+----------------------+-----
Conjurations   | 1 2 3 |  3.2
Dodging        | 2 3 |  3.5
Fighting       | 1 2 3 4 |  4.2
Spellcasting   | 3 4 |  4.5
Air Magic      | 3 4 |  4.1
Stealth        | 2 3 |  3.0
Maces & Flails | 1 2 |  2.3

Action                     |  1- 3 |  4- 6 |  7- 9 || total
---------------------------+-------+-------+-------++-------
  Melee: Short sword       |    48 |    12 |       ||    60
         Punch             |     2 |       |       ||     2
         Staff             |       |    12 |     4 ||    16
   Cast: Shock             |    60 |    88 |    50 ||   198
         Static Discharge  |     4 |     9 |    14 ||    27
  Evoke: Wand              |       |       |     4 ||     4
    Use: Scroll            |       |     4 |       ||     4
   Stab: Sleeping          |     1 |       |       ||     1
 Armour: Robe              |    12 |    10 |     3 ||    25
  Dodge: Dodged            |    21 |    33 |    27 ||    81
